 Dungeon Crawl Stone Soup version 0.19-a0-1035-gdbfb0c6 (console) character file.

18 brucemayne the Chopper (level 2, -1/34 HPs)
             Began as a Vampire Berserker on July 29, 2016.
             Was a Follower of Trog.
             Slain by Sigmund
             ... wielding a +0 scythe
              (7 damage)
             ... on level 2 of the Dungeon.
             The game lasted 00:02:16 (668 turns).

brucemayne the Chopper (Vampire Berserker)           Turns: 668, Time: 00:02:16

Health: -1/34      AC:  9    Str: 21    XL:     2   Next: 48%
Magic:  2/2        EV:  8    Int:  9    God:    Trog [*.....]
Gold:   48         SH:  0    Dex: 13    Spells: 0 memorised, 1 level left

rFire  . . .     SeeInvis +     a - +0 hand axe
rCold  . . .     Gourm    .     h - +0 chain mail
rNeg   + . .     Faith    .     (no shield)
rPois  .         Spirit   .     (no helmet)
rElec  .         Dismiss  .     f - +0 cloak (curse)
rCorr  .         Reflect  .     (no gloves)
SustAt .         Harm     .     (no boots)
MR     .....                    (no amulet)
Stlth  ..........               (no ring)
                                (no ring)

@: berserking, very quick, not resistant to hostile enchantments, extremely
unstealthy
A: fangs 3, see invisible, unbreathing
a: Berserk, Burn Spellbooks, Renounce Religion


You were on level 2 of the Dungeon.
You worshipped Trog.
Trog was aware of your devotion.
You were not thirsty.

You visited 1 branch of the dungeon, and saw 3 of its levels.

You collected 48 gold pieces.

Inventory:

Hand Weapons
 a - a +0 hand axe (weapon)
Armour
 b - a +0 animal skin
 f - a cursed +0 cloak (worn)
 h - a +0 chain mail (worn)
Wands
 j - a wand of lightning (11/15)
Scrolls
 d - a scroll of teleportation {unknown}
 g - a scroll of recharging {unknown}
 k - a scroll of enchant weapon {unknown}
Potions
 c - 8 potions of blood
 e - a potion of resistance {unknown}
 i - a potion of flight {unknown}


   Skills:
 - Level 2.6 Fighting
 + Level 3.5 Axes
 - Level 1.5 Armour
 - Level 2.1 Dodging


You had one spell level left.
You didn't know any spells.

Dungeon Overview and Level Annotations

Branches:
Dungeon (3/15)

Altars:
Qazlal

Annotations:
D:2 Sigmund
D:3 RMendes's ghost, amateur DDFi


Innate Abilities, Weirdness & Mutations

You have razor-sharp teeth.
You have supernaturally acute eyesight. (SInv)
You can survive without breathing.


Message History

Found 18 arrows.
A kobold comes into view.
The kobold shouts!
Sigmund hits you but does no damage.
The kobold throws a stone.
The stone closely misses you.
You see here a stone.
Yummy - fresh blood!
The kobold throws a stone.
The stone closely misses you. Sigmund hits you with a scythe.
* * * LOW HITPOINT WARNING * * *
Unknown command.
A red film seems to cover your vision as you go berserk!
You feel yourself moving faster!
You feel mighty!
You feel somewhat more thirsty. Sigmund barely misses you.
You slash Sigmund! You bite Sigmund!
Sigmund is severely wounded.
You closely miss Sigmund. You bite Sigmund.
Sigmund is severely wounded.
You completely miss the kobold. The kobold barely misses you.
Sigmund hits you with a scythe!
You die...

+........
#........
####..... #.....
#..... # ###### .#
# ########### ##.#
#
.....(@@..####..##
###....K#........#
#.....#....8...##
#.....#...8.8...#
#.....#..8._.8..#
#######...8.8...#
#....8....#
#....(....#
#.##..รท...#


You could see Sigmund and a kobold.

Vanquished Creatures
  An orc (D:3)
  2 giant cockroaches
  A hobgoblin (D:2)
  A kobold (D:2)
  A ball python (D:2)
  5 bats (D:2)
  A giant gecko skeleton (D:3)
  A giant newt (D:2)
  4 rats
17 creatures vanquished.

Notes
Turn   | Place    | Note
-------+----------+-------------------------------------------
     0 | D:1      | brucemayne the Vampire Berserker began the quest for the Orb.
     0 | D:1      | Reached XP level 1. HP: 17/17 MP: 1/1
   139 | D:3      | Reached skill level 3 in Axes
   197 | D:2      | Found a stormy altar of Qazlal.
   318 | D:3      | Reached XP level 2. HP: 13/23 MP: 2/2
   323 | D:3      | Noticed RMendes's ghost (amateur DDFi)
   332 | D:3      | HP: 1/23 [RMendes's ghost (13)]
   594 | D:3      | HP: 1/34 [RMendes's ghost (3)]
   641 | D:2      | Found a faded altar of an unknown god.
   662 | D:2      | Noticed Sigmund
   668 | D:2      | Slain by Sigmund

Vault maps used:
D:1:      lemuel_arrival_broad_hall
D:2:      nicolae_overflow_crystal_walls, ecumenical_altar_2, uniq_sigmund
D:3:      nicolae_overflow_hidden_temple, grunt_temple_overflow_open,
          serial_undead, serial_undead_f, serial_undead_c, serial_undead_e,
          serial_undead_b, nemelex_lonely_heart_becter

Skill      XL: |  1 |
---------------+----+-----
Axes           | 3 |  3.5
Fighting       | |  2.6
Armour         | |  1.5
Dodging        | |  2.1

Action                   || total
-------------------------++-------
Melee: Hand axe          ||    45
       Bite              ||     3
Invok: Berserk           ||     2
  Use: Potion            ||     2
Armor: Animal skin       ||     7
       Chain mail        ||    13
Dodge: Dodged            ||    26
